[Event "K11"]
[Site "?"]
[Date "2024.07.21"]
[Round "2"]
[White "Thomasson, Staffan"]
[Black "Feierfeil, Jiri"]
[Result "1-0"]
[ECO "B38"]
[WhiteElo "1871"]
[BlackElo "1738"]
[Annotator ",martin-koller@seznam"]
[PlyCount "113"]
[TimeControl "240+2"]

{600MB, Fritz10.ctg} 1. c4 c5 2. Nf3 Nc6 3. d4 cxd4 4. Nxd4 Nf6 5. Nc3 g6 6. e4
d6 7. Be2 Bg7 8. Be3 a6 9. Qd2 Bd7 10. O-O Rc8 11. Rfd1 O-O 12. Rac1 Ng4 13.
Nxc6 bxc6 14. Bg5 Be6 15. h3 Ne5 16. b3 f6 17. Be3 c5 18. Qb2 Qa5 19. Bd2 Qc7
20. Qa3 Qb7 21. Nd5 Nc6 22. Bc3 Bh6 23. Rb1 Bxd5 24. cxd5 Nb4 25. Qb2 a5 26. a3
Na6 27. Bxa5 f5 28. e5 Nc7 29. a4 Na6 30. Bc3 Nb4 31. Bc4 Bf4 32. g3 Bh6 33.
Qe2 Bg7 34. Bxb4 Qxb4 35. exd6 exd6 36. Qe6+ Kh8 37. Qxd6 Rcd8 38. Qc6 Bd4 39.
d6 Qc3 40. Rd3 Bxf2+ 41. Kh1 Qc2 42. Rf1 Bd4 43. d7 Kg7 44. Qd5 Qb2 45. a5 h5
46. a6 Qa3 47. Re1 Kh6 48. h4 Qa5 49. Rdd1 Qc7 50. Rxd4 cxd4 51. Qxd4 Rxd7 52.
Qe3+ Kh7 53. Qg5 Rfd8 54. Kh2 Qc5 55. Kh3 Kg7 56. Re6 Qd4 57. Rxg6+ 1-0

[Event "M11"]
[Site "?"]
[Date "2024.07.22"]
[Round "3"]
[White "Aubrecht, Petr"]
[Black "Zwick, Hubert"]
[Result "0-1"]
[ECO "A01"]
[WhiteElo "1984"]
[BlackElo "2018"]
[Annotator ",martin-koller@seznam"]
[PlyCount "64"]
[TimeControl "240+2"]

{600MB, Fritz10.ctg} 1. b3 c6 2. Bb2 Na6 3. e3 Nc7 4. f4 d6 5. Nf3 Nf6 6. Be2
g6 7. O-O Bg7 8. d3 O-O 9. e4 Ne6 10. Ng5 Qb6+ 11. Kh1 Nd4 12. Nd2 Nxe2 13.
Qxe2 d5 14. e5 Ng4 15. d4 h5 16. c3 a5 17. Ba3 Qc7 18. c4 Nh6 19. Rac1 Qd8 20.
Ndf3 Nf5 21. Rfd1 Re8 22. cxd5 cxd5 23. Rc3 f6 24. Nh3 a4 25. Qb5 Qd7 26. Qxd7
Bxd7 27. Rc7 axb3 28. axb3 Rxa3 29. Rxd7 Rxb3 30. Rxd5 Ne3 31. exf6 Bxf6 32.
Nd2 Rb4 0-1

[Event "M11"]
[Site "?"]
[Date "2024.07.22"]
[Round "3"]
[White "Melerowicz, Thomas"]
[Black "Svoboda, Daniel"]
[Result "1-0"]
[ECO "D04"]
[WhiteElo "2017"]
[BlackElo "1920"]
[Annotator ",martin-koller@seznam"]
[PlyCount "62"]
[TimeControl "240+2"]

{600MB, Fritz10.ctg} 1. d4 d5 2. Nf3 Nf6 3. e3 c5 4. dxc5 Qc7 5. c3 Qxc5 6. b4
Qc7 7. Bb2 e5 8. Nbd2 Bd6 9. a3 a5 10. c4 e4 11. c5 Be7 12. Be5 Qd8 13. Nd4 Nc6
14. Nxc6 bxc6 15. Nb3 Bg4 16. Qd4 axb4 17. axb4 Rxa1+ 18. Qxa1 O-O 19. Nd4 Bd7
20. Be2 Qa8 21. O-O Qb7 22. Qc3 Ng4 23. Bg3 Nh6 24. b5 Nf5 25. Nxf5 Bxf5 26. b6
Bf6 27. Be5 Bxe5 28. Qxe5 Bd7 29. Ra1 Ra8 30. Rxa8+ Qxa8 31. Qc7 Qc8 1-0

[Event "M11"]
[Site "?"]
[Date "2024.07.22"]
[Round "3"]
[White "Verner, Matej"]
[Black "Nilsson, Patrik"]
[Result "0-1"]
[ECO "C00"]
[WhiteElo "2067"]
[BlackElo "2095"]
[Annotator ",martin-koller@seznam"]
[PlyCount "60"]
[TimeControl "240+2"]

{600MB, Fritz10.ctg} 1. e4 e6 2. d3 d5 3. Nd2 Nc6 4. Ngf3 Nf6 5. g3 Bc5 6. Bg2
dxe4 7. dxe4 e5 8. O-O O-O 9. c3 a5 10. Qc2 b6 11. Nb3 Bd6 12. a4 Be6 13. h3
Qc8 14. Kh2 Nd7 15. Be3 Qa6 16. Nfd2 b5 17. Rfd1 bxa4 18. Rxa4 Qb5 19. Rda1 Nc5
20. Nxc5 Bxc5 21. Bf1 Qb6 22. Nc4 Bxc4 23. Bxc5 Qxc5 24. Bxc4 Rad8 25. Qe2 Rd6
26. Bd5 Rfd8 27. Kg2 h6 28. Qc4 Qb6 29. R1a2 neèitelné 0-1

[Event "M11"]
[Site "?"]
[Date "2024.07.22"]
[Round "3"]
[White "Tesar, Jakub"]
[Black "Giertli, Vladimir"]
[Result "1-0"]
[ECO "B06"]
[WhiteElo "2064"]
[BlackElo "1959"]
[Annotator ",martin-koller@seznam"]
[PlyCount "108"]
[TimeControl "240+2"]

{600MB, Fritz10.ctg} 1. d4 g6 2. e4 d6 3. Nc3 c6 4. a4 Nd7 5. f4 e5 6. Nf3 Bg7
7. dxe5 dxe5 8. fxe5 Nxe5 9. Qxd8+ Kxd8 10. Bf4 Nxf3+ 11. gxf3 Be6 12. O-O-O+
Ke8 13. a5 Bh6 14. Bxh6 Nxh6 15. Na4 Rd8 16. a6 b6 17. Bd3 Ke7 18. Nc3 f6 19.
Be2 Bc8 20. Na2 Rxd1+ 21. Rxd1 Rd8 22. Nb4 Rxd1+ 23. Kxd1 Kd6 24. Kd2 Be6 25.
b3 g5 26. Kc3 Nf7 27. Nd3 h5 28. Kd4 Bc8 29. Nf2 b5 30. f4 g4 31. Nd3 Bxa6 32.
e5+ Ke7 33. Kc5 Bb7 34. Kd4 Bc8 35. Nc5 a5 36. Bd3 h4 37. Be4 Nd8 38. f5 fxe5+
39. Kxe5 Nf7+ 40. Kf4 Kd6 41. Nd3 Bd7 42. c4 c5 43. Bd5 Nh6 44. f6 a4 45. bxa4
bxa4 46. Kg5 a3 47. Ne1 Nf5 48. Kxg4 Ne3+ 49. Kxh4 Nxd5 50. cxd5 Be8 51. Kg5
Bf7 52. h4 Bxd5 53. Kg6 a2 54. Nc2 Be4+ 1-0

[Event "K11"]
[Site "?"]
[Date "2024.07.22"]
[Round "3"]
[White "Thalheim, Peter"]
[Black "Korenek, Frantisek"]
[Result "1/2-1/2"]
[ECO "E97"]
[WhiteElo "1866"]
[BlackElo "1886"]
[Annotator ",martin-koller@seznam"]
[PlyCount "66"]
[TimeControl "240+2"]

{600MB, Fritz10.ctg} 1. c4 Nf6 2. Nc3 g6 3. e4 d6 4. d4 Bg7 5. Nf3 O-O 6. Be2
e5 7. O-O Nc6 8. dxe5 Nxe5 9. Nxe5 dxe5 10. Qxd8 Rxd8 11. Bg5 c6 12. Rad1 Rxd1
13. Rxd1 Be6 14. b3 h6 15. Be3 Bf8 16. f3 Kg7 17. g4 Be7 18. Kg2 b6 19. h4 Rd8
20. Rxd8 Bxd8 21. g5 hxg5 22. Bxg5 Bc7 23. Bd1 Bd6 24. Bxf6+ Kxf6 25. Ne2 Kg7
26. f4 Bg4 27. fxe5 Bxe5 28. Nc3 Bd7 29. Ne2 c5 30. Bc2 Bc6 31. Kf2 Kf6 32. Kf3
Ke6 33. Nf4+ Bxf4 1/2-1/2

[Event "K11"]
[Site "?"]
[Date "2024.07.22"]
[Round "3"]
[White "Pranner, Marion"]
[Black "Thomasson, Staffan"]
[Result "0-1"]
[ECO "B06"]
[WhiteElo "2055"]
[BlackElo "1871"]
[Annotator ",martin-koller@seznam"]
[PlyCount "61"]
[TimeControl "240+2"]

{600MB, Fritz10.ctg} 1. e4 g6 2. d4 c6 3. Nf3 d5 4. e5 Bg4 5. Be2 Bg7 6. c3 Nh6
7. Nbd2 O-O 8. h3 Bxf3 9. gxf3 e6 10. Nb3 Nd7 11. Bd3 Qh4 12. Qe2 Rae8 13. Be3
f6 14. f4 fxe5 15. fxe5 Nf5 16. Bxf5 Rxf5 17. O-O-O Bh6 18. Bxh6 Qxh6+ 19. Qe3
Qh5 20. Nd2 c5 21. f3 cxd4 22. cxd4 Nb6 23. b3 Ref8 24. Rdg1 Qh4 25. Kb2 Rc8
26. Rc1 Rxc1 27. Rxc1 Qxh3 28. Rc7 Rf7 29. Qc3 Qf5 0-1

[Event "K11"]
[Site "?"]
[Date "2024.07.22"]
[Round "3"]
[White "Docekalova, Alexandra"]
[Black "Marsalek, Lubos"]
[Result "1/2-1/2"]
[ECO "D41"]
[WhiteElo "1979"]
[BlackElo "1914"]
[Annotator ",martin-koller@seznam"]
[PlyCount "39"]
[TimeControl "240+2"]

{600MB, Fritz10.ctg} 1. d4 d5 2. Nf3 Nf6 3. e3 e6 4. c4 c5 5. Nc3 Nc6 6. cxd5
Nxd5 7. Be2 cxd4 8. Nxd4 Nxc3 9. bxc3 Be7 10. O-O O-O 11. Nxc6 bxc6 12. Bf3 Qc7
13. Qa4 Bd7 14. Rd1 Rab8 15. e4 Rfd8 16. e5 c5 17. Qg4 Bc6 18. Bh6 g6 19. Bxc6
Qxc6 20. Qe2 1/2-1/2

[Event "K11"]
[Site "?"]
[Date "2024.07.22"]
[Round "3"]
[White "Lampe, Thomas"]
[Black "Rull, Michael"]
[Result "1-0"]
[ECO "B20"]
[WhiteElo "1926"]
[BlackElo "1842"]
[Annotator ",martin-koller@seznam"]
[PlyCount "39"]
[TimeControl "240+2"]

{600MB, Fritz10.ctg} 1. e4 c5 2. b4 e5 3. bxc5 Bxc5 4. Bc4 Nf6 5. Nc3 d6 6. h3
Qc7 7. Qe2 O-O 8. Nf3 Nc6 9. O-O Nd4 10. Nxd4 Bxd4 11. Nb5 Qe7 12. Nxd4 exd4
13. Re1 Re8 14. Ba3 Be6 15. e5 Bxc4 16. Qxc4 Nh5 17. exd6 Qg5 18. d7 Red8 19.
Be7 Nf6 20. Qc7 1-0

[Event "K11"]
[Site "?"]
[Date "2024.07.22"]
[Round "3"]
[White "Feierfeil, Jiri"]
[Black "Schimmer, Michael"]
[Result "1/2-1/2"]
[ECO "E32"]
[WhiteElo "1738"]
[BlackElo "1861"]
[Annotator ",martin-koller@seznam"]
[PlyCount "151"]
[TimeControl "240+2"]

{600MB, Fritz10.ctg} 1. d4 Nf6 2. c4 e6 3. Nc3 Bb4 4. Qc2 O-O 5. a3 Bxc3+ 6.
bxc3 d6 7. e4 Nbd7 8. Bd3 e5 9. Ne2 Re8 10. O-O h6 11. Ng3 Nf8 12. f4 exf4 13.
Bxf4 Ne6 14. Bd2 c5 15. Nf5 Nf8 16. Rae1 Bxf5 17. Rxf5 Rc8 18. Ref1 cxd4 19.
cxd4 Ne6 20. Qb2 Ng5 21. Bxg5 hxg5 22. d5 Qb6+ 23. Qxb6 axb6 24. Re1 Ra8 25. e5
Rxa3 26. Bf1 Nh7 27. e6 f6 28. Rb1 Re7 29. Rxb6 Ra6 30. Rb1 Ra8 31. Rf2 Nf8 32.
Rfb2 Rd8 33. Rxb7 Ng6 34. Rxe7 Nxe7 35. Rb7 Kf8 36. g4 Ke8 37. Bd3 g6 38. Kf2
f5 39. h3 Kf8 40. Ke3 Ke8 41. Kd4 Ra8 42. Bc2 Rd8 43. Ra7 Rb8 44. Ba4+ Kf8 45.
Bb5 Rc8 46. Ra6 Rd8 47. Ra1 Rc8 48. Rf1 f4 49. Rh1 Kg7 50. Bd7 Rc7 51. h4 gxh4
52. Rxh4 Rc5 53. Bb5 Rc7 54. Rh1 Ng8 55. g5 Ne7 56. Ke4 Rc5 57. Rb1 Kf8 58.
Kxf4 Nf5 59. Ke4 Ke7 60. Ra1 Rc7 61. Rh1 Ng3+ 62. Kf3 Nxh1 63. Kg2 Rc8 64. Kxh1
Rf8 65. Kg2 Rf5 66. Kg3 Rxg5+ 67. Kf4 Rf5+ 68. Kg4 Re5 69. Kf4 Kf6 70. Kg4 Re1
71. Kf4 g5+ 72. Kf3 Kf5 73. Bd7 Kf6 74. Bc8 Rc1 75. Ba6 Rc3+ 76. Kg4 1/2-1/2

[Event "K12"]
[Site "?"]
[Date "2024.07.22"]
[Round "3"]
[White "Wust, Klaus"]
[Black "Cisarik, Pavol"]
[Result "1/2-1/2"]
[ECO "C54"]
[WhiteElo "1959"]
[BlackElo "1789"]
[Annotator ",martin-koller@seznam"]
[PlyCount "55"]
[TimeControl "240+2"]

{600MB, Fritz10.ctg} 1. e4 e5 2. Nf3 Nc6 3. Bc4 Bc5 4. O-O Nf6 5. d3 d6 6. c3
Bg4 7. b4 Bb6 8. Be3 Ne7 9. Nbd2 c6 10. Re1 Bxe3 11. Rxe3 O-O 12. Rc1 Re8 13.
Qe1 Ng6 14. h3 Be6 15. d4 Bxc4 16. Nxc4 Qe7 17. dxe5 Nxe5 18. Nfxe5 dxe5 19.
Rd3 Red8 20. Rcd1 Rxd3 21. Rxd3 h6 22. Nd6 a5 23. Nf5 Qe6 24. a3 axb4 25. axb4
Qc4 26. Re3 Rd8 27. f3 Nh5 28. Re2 1/2-1/2

[Event "K12"]
[Site "?"]
[Date "2024.07.22"]
[Round "3"]
[White "Vlasak, Miloslav"]
[Black "Niese, Dieter"]
[Result "1/2-1/2"]
[ECO "A25"]
[WhiteElo "1943"]
[BlackElo "1933"]
[Annotator ",martin-koller@seznam"]
[PlyCount "66"]
[TimeControl "240+2"]

{600MB, Fritz10.ctg} 1. c4 e5 2. Nc3 b6 3. Nf3 Nc6 4. g3 Bb7 5. Bg2 Rb8 6. O-O
Nf6 7. a3 a5 8. e3 d5 9. cxd5 Nxd5 10. d4 Nxc3 11. bxc3 exd4 12. cxd4 Be7 13.
Qc2 O-O 14. d5 Qxd5 15. Bb2 Qe6 16. Rac1 Bf6 17. Rfd1 Bxb2 18. Qxb2 Rfc8 19. h4
Ne7 20. Qc2 Bxf3 21. Bxf3 c5 22. a4 Rd8 23. Qb2 h6 24. Rxd8+ Rxd8 25. Qb5 Kh7
26. Qb1+ g6 27. h5 Rd2 28. Kf1 Nd5 29. Ke1 Rd4 30. hxg6+ fxg6 31. Qb3 Kg7 32.
Kf1 Rd2 33. Ke1 Rd4 1/2-1/2

[Event "K12"]
[Site "?"]
[Date "2024.07.22"]
[Round "3"]
[White "Schunke, Oliver"]
[Black "Schoenmakers, Nico"]
[Result "1-0"]
[ECO "A00"]
[WhiteElo "1878"]
[BlackElo "1879"]
[Annotator ",martin-koller@seznam"]
[PlyCount "93"]
[TimeControl "240+2"]

{600MB, Fritz10.ctg} 1. Nc3 d5 2. e4 d4 3. Nce2 d3 4. Nc3 dxc2 5. Qxc2 e5 6.
Nf3 Bd6 7. Bc4 c6 8. h3 h6 9. O-O Qf6 10. Nh2 Ne7 11. d3 Ng6 12. Qe2 Nd7 13. a3
Nb6 14. Ba2 Be6 15. Bxe6 Qxe6 16. Qg4 Qxg4 17. Nxg4 O-O 18. g3 Rad8 19. Be3 f5
20. exf5 Rxf5 21. Bxh6 Rh5 22. Be3 Rxh3 23. Kg2 Rh5 24. Ne4 Be7 25. Rad1 Rf5
26. Rfe1 Rd5 27. Bxb6 axb6 28. Ne3 Rf8 29. Nxd5 cxd5 30. Nc3 Bc5 31. Re2 Rf5
32. Nxd5 Rg5 33. Re4 Rf5 34. Rd2 Kh8 35. Rc2 Kh7 36. b4 Bd4 37. Rg4 Rh5 38. Re2
Rf5 39. Rxg6 Kxg6 40. Ne7+ Kf6 41. Nxf5 Kxf5 42. Rc2 g5 43. Rc7 Kg4 44. Rxb7
Kf5 45. a4 Kg4 46. a5 bxa5 47. bxa5 1-0

[Event "K12"]
[Site "?"]
[Date "2024.07.22"]
[Round "3"]
[White "Tichy, Petr"]
[Black "Hager, Eberhard"]
[Result "1-0"]
[ECO "A14"]
[WhiteElo "1922"]
[BlackElo "1834"]
[Annotator ",martin-koller@seznam"]
[PlyCount "77"]
[TimeControl "240+2"]

{600MB, Fritz10.ctg} 1. Nf3 d5 2. g3 Nf6 3. Bg2 c6 4. b3 e6 5. O-O Be7 6. Bb2
O-O 7. d3 Nbd7 8. Nbd2 Qc7 9. c4 Ng4 10. e4 dxe4 11. Nxe4 Nge5 12. d4 Nxf3+ 13.
Qxf3 Nf6 14. d5 Nxe4 15. Qxe4 Bd7 16. Rfe1 Bb4 17. Re2 exd5 18. Qd4 f6 19. cxd5
Ba5 20. d6 Qd8 21. Re7 Re8 22. b4 Bb6 23. Qc4+ Kh8 24. Rae1 Rxe7 25. Rxe7 Be8
26. Qe6 Bg6 27. Bxf6 Qf8 28. Bxg7+ Qxg7 29. Rxg7 Kxg7 30. Qe7+ Kg8 31. Bh3 Rf8
32. Be6+ Bf7 33. d7 Bxe6 34. Qxe6+ Kh8 35. Qe2 Kg7 36. Kg2 Rf7 37. Qe5+ Kg8 38.
f4 Rxd7 39. Qe8+ 1-0

[Event "K12"]
[Site "?"]
[Date "2024.07.22"]
[Round "3"]
[White "Pokorny, Jan"]
[Black "Von Borstel, Michael"]
[Result "1/2-1/2"]
[ECO "A47"]
[WhiteElo "1840"]
[BlackElo "1862"]
[Annotator ",martin-koller@seznam"]
[PlyCount "156"]
[TimeControl "240+2"]

{600MB, Fritz10.ctg} 1. d4 Nf6 2. Nf3 b6 3. e3 Bb7 4. b3 e6 5. Bb2 Be7 6. Be2
O-O 7. O-O Ne4 8. Nfd2 f5 9. f3 Nf6 10. c4 c5 11. f4 Na6 12. Nf3 Nc7 13. Ne5 d6
14. Bf3 Bxf3 15. Nxf3 Ng4 16. Qe2 Qe8 17. h3 Nf6 18. Nfd2 Nh5 19. Qf3 Bh4 20.
Nc3 Ng3 21. Rfd1 cxd4 22. exd4 Rd8 23. Nf1 Nh5 24. Ne2 Qg6 25. Rd3 d5 26. a4
Nf6 27. Ba3 Rf7 28. c5 Ne4 29. cxb6 axb6 30. b4 Be7 31. b5 Ra8 32. Bxe7 Rxe7
33. Rda3 Qe8 34. Nfg3 Nd2 35. Qd3 Nc4 36. R3a2 Qb8 37. Nf1 Ne8 38. Nd2 Ned6 39.
Nf3 Rc7 40. Ne5 Nxe5 41. fxe5 Nc4 42. Nf4 Qc8 43. Kh2 Na5 44. Ne2 Raa7 45. Qd1
Rc4 46. Nc1 Rac7 47. Ne2 Rc2 48. Rxc2 Rxc2 49. Ra3 g6 50. Rg3 Qc4 51. Nf4 Kf7
52. h4 Qxa4 53. Kh3 Qc4 54. Kh2 Rc1 55. Qf3 Qf1 56. Rh3 Qxf3 57. Rxf3 Rb1 58.
Nh3 Rxb5 59. Ng5+ Kg8 60. Nxe6 Rb3 61. Rf2 Nc6 62. Rc2 Ne7 63. Rc7 Kf7 64. Ng5+
Ke8 65. Nxh7 Kd8 66. Rb7 Nc6 67. e6 Rb4 68. Nf6 Rxd4 69. Rd7+ Kc8 70. e7 Nxe7
71. Rxe7 b5 72. g3 b4 73. Re3 Rd2+ 74. Kg1 d4 75. Rb3 d3 76. Rxb4 Rc2 77. Nd5
d2 78. Ne3 Rc3 1/2-1/2

[Event "M11"]
[Site "?"]
[Date "2024.07.23"]
[Round "4"]
[White "Hansch, Stephan"]
[Black "Meterowicz, Thomas"]
[Result "1-0"]
[ECO "E61"]
[WhiteElo "2150"]
[BlackElo "2017"]
[Annotator ",martin-koller@seznam"]
[PlyCount "83"]
[TimeControl "240+2"]

{600MB, Fritz10.ctg} 1. d4 Nc6 2. Nf3 d6 3. c4 g6 4. Nc3 Bg7 5. e3 Nf6 6. Be2
O-O 7. d5 Nb8 8. h3 a5 9. g4 Na6 10. g5 Nd7 11. h4 Nac5 12. h5 a4 13. Qc2 Re8
14. Bd2 c6 15. O-O-O e6 16. dxe6 Rxe6 17. Rh4 Re8 18. e4 Nf8 19. hxg6 fxg6 20.
Be3 Qe7 21. Nd2 Bd7 22. Bxc5 dxc5 23. f4 Reb8 24. e5 b5 25. Nce4 Bf5 26. Bd3 b4
27. Nf6+ Bxf6 28. gxf6 Qe6 29. Bxf5 Qxf5 30. Qxf5 gxf5 31. Rg1+ Ng6 32. Rh5 Rd8
33. Rxf5 Kf7 34. Rh5 Rh8 35. Ne4 Rag8 36. Ng5+ Kf8 37. f7 Nxf4 38. fxg8=Q+ Rxg8
39. Nxh7+ Kf7 40. Rf5+ Ke6 41. Rf6+ Kxe5 42. Rxg8 1-0

[Event "M11"]
[Site "?"]
[Date "2024.07.23"]
[Round "4"]
[White "Tesar, Jakub"]
[Black "Hanl, Frantisek"]
[Result "1-0"]
[ECO "A58"]
[WhiteElo "2064"]
[BlackElo "2098"]
[Annotator ",martin-koller@seznam"]
[PlyCount "53"]
[TimeControl "240+2"]

{600MB, Fritz10.ctg} 1. d4 Nf6 2. c4 c5 3. d5 b5 4. cxb5 a6 5. bxa6 Bxa6 6. Nc3
g6 7. g3 Bg7 8. Bg2 d6 9. Nf3 O-O 10. O-O Nbd7 11. Rb1 Qb6 12. b3 Rfb8 13. Qc2
Qb7 14. Rd1 Nb6 15. Bb2 Nfxd5 16. Nxd5 Nxd5 17. Bxg7 Kxg7 18. Ng5 e6 19. e4 Nb4
20. Qc3+ e5 21. a3 Nc6 22. Rxd6 Nd4 23. Qxc5 Qe7 24. Rxg6+ Kxg6 25. Qxe7 Re8
26. Qxf7+ Kxg5 27. h4+ 1-0

[Event "M11"]
[Site "?"]
[Date "2024.07.23"]
[Round "4"]
[White "Giertli, Vladimir"]
[Black "Zwick, Hubert"]
[Result "1-0"]
[ECO "A01"]
[WhiteElo "1959"]
[BlackElo "2018"]
[Annotator ",martin-koller@seznam"]
[PlyCount "51"]
[TimeControl "240+2"]

{600MB, Fritz10.ctg} 1. b3 c6 2. Bb2 d5 3. e3 Bf5 4. g4 Bg6 5. h4 f6 6. c4 e5
7. h5 Bf7 8. g5 Nd7 9. Nf3 Bd6 10. h6 g6 11. Rg1 f5 12. Qc2 Ne7 13. c5 Bc7 14.
d3 b6 15. b4 Qb8 16. cxb6 axb6 17. Nbd2 c5 18. a3 Bd6 19. b5 d4 20. e4 Qb7 21.
Bg2 f4 22. Nc4 Bc7 23. Bh3 Qb8 24. a4 Nc8 25. Bc1 O-O 26. Bxd7 1-0

[Event "M11"]
[Site "?"]
[Date "2024.07.23"]
[Round "4"]
[White "Nilsson, Patrik"]
[Black "Aubrecht, Petr"]
[Result "1-0"]
[ECO "B07"]
[WhiteElo "2095"]
[BlackElo "1984"]
[Annotator ",martin-koller@seznam"]
[PlyCount "89"]
[TimeControl "240+2"]

{600MB, Fritz10.ctg} 1. d4 Nf6 2. Bf4 g6 3. Nc3 d6 4. e4 Bg7 5. Qd2 O-O 6. f3
c5 7. d5 a6 8. O-O-O Qa5 9. Bh6 b5 10. Bxg7 Kxg7 11. Kb1 Nfd7 12. h4 h5 13.
Nce2 Qxd2 14. Rxd2 Nb6 15. b3 Bd7 16. g3 b4 17. Bh3 Bxh3 18. Nxh3 a5 19. Nhf4
a4 20. Ng2 c4 21. Nd4 axb3 22. cxb3 cxb3 23. axb3 N8d7 24. Ra2 Nc5 25. Nf4 Nbd7
26. Rhh2 Ne5 27. Rxa8 Rxa8 28. Ra2 Rxa2 29. Kxa2 Kf6 30. Kb1 Ncd3 31. Nxd3 Nxd3
32. Kc2 Nc5 33. Nc6 e6 34. Nxb4 g5 35. hxg5+ Kxg5 36. Nd3 exd5 37. f4+ Kf6 38.
Nxc5 dxc5 39. exd5 Ke7 40. Kd3 f5 41. Kc3 Kd7 42. b4 Kd6 43. bxc5+ Kxc5 44. d6
Kc6 45. Kc4 1-0

[Event "M11"]
[Site "?"]
[Date "2024.07.23"]
[Round "4"]
[White "Svoboda, Daniel"]
[Black "Verner, Matej"]
[Result "0-1"]
[ECO "B32"]
[WhiteElo "1920"]
[BlackElo "2067"]
[Annotator ",martin-koller@seznam"]
[PlyCount "80"]
[TimeControl "240+2"]

{600MB, Fritz10.ctg} 1. e4 c5 2. Nf3 Nc6 3. d4 cxd4 4. Nxd4 e5 5. Nb5 d6 6. c4
Be6 7. N5c3 Nf6 8. Bd3 g6 9. Bg5 Bg7 10. Nd5 h6 11. Bh4 Bxd5 12. cxd5 Nd4 13.
O-O O-O 14. Nd2 Rc8 15. Rc1 Qd7 16. Nb3 Rxc1 17. Nxc1 Nh5 18. Nb3 Nxb3 19. Qxb3
Bf6 20. Bxf6 Nxf6 21. Rc1 Rc8 22. Rc4 Rc7 23. h3 Kg7 24. Qc2 Rxc4 25. Qxc4 Nh5
26. Bc2 Nf4 27. Kh2 Qd8 28. g3 Nh5 29. Bd1 Nf6 30. Kg2 Qb6 31. Bb3 h5 32. Qc8
Nxe4 33. Qc2 Qd4 34. Qe2 h4 35. Bc2 Nf6 36. gxh4 Nh5 37. Qe3 Nf4+ 38. Kh2 Qxe3
39. fxe3 Nxd5 40. Be4 Nxe3 0-1

[Event "K12"]
[Site "?"]
[Date "2024.07.23"]
[Round "4"]
[White "Niese, Dieter"]
[Black "Tichy, Petr"]
[Result "0-1"]
[ECO "B95"]
[WhiteElo "1933"]
[BlackElo "1922"]
[Annotator ",martin-koller@seznam"]
[PlyCount "34"]
[TimeControl "240+2"]

{600MB, Fritz10.ctg} 1. e4 c5 2. Nf3 d6 3. d4 cxd4 4. Nxd4 Nf6 5. Nc3 a6 6. Bg5
e6 7. Qd2 Nbd7 8. f3 b5 9. O-O-O Bb7 10. g4 Be7 11. h4 Rc8 12. h5 b4 13. Nce2
Qa5 14. Kb1 Nxe4 15. fxe4 Bxg5 16. Nb3 Bxd2 17. Nxa5 Bxe4 0-1

[Event "K12"]
[Site "?"]
[Date "2024.07.23"]
[Round "4"]
[White "Cisarik, Pavol"]
[Black "Pokorny, Jan"]
[Result "1/2-1/2"]
[ECO "B22"]
[WhiteElo "1789"]
[BlackElo "1840"]
[Annotator ",martin-koller@seznam"]
[PlyCount "58"]
[TimeControl "240+2"]

{600MB, Fritz10.ctg} 1. e4 c5 2. c3 d6 3. d4 cxd4 4. cxd4 Nf6 5. Nc3 e6 6. Nf3
Be7 7. Bd3 O-O 8. O-O Nc6 9. Bg5 e5 10. d5 Nb4 11. Bxf6 Bxf6 12. Rc1 Bg4 13.
Be2 a5 14. a3 Na6 15. Bxa6 Rxa6 16. Qd3 Bd7 17. a4 Rb6 18. Qc2 Rb4 19. b3 Qb6
20. Nd2 Bg5 21. Nc4 Rxc4 22. bxc4 Bxc1 23. Rxc1 Qc5 24. Nb5 f5 25. Rf1 fxe4 26.
Qxe4 Rf4 27. Qe3 Qb4 28. Qb6 Bxb5 29. cxb5 h6 1/2-1/2

[Event "K12"]
[Site "?"]
[Date "2024.07.23"]
[Round "4"]
[White "Von Borstel, Michael"]
[Black "Vlasak, Miloslav"]
[Result "0-1"]
[ECO "A39"]
[WhiteElo "1862"]
[BlackElo "1943"]
[Annotator ",martin-koller@seznam"]
[PlyCount "74"]
[TimeControl "240+2"]

{600MB, Fritz10.ctg} 1. c4 c5 2. g3 Nc6 3. Bg2 Nf6 4. Nc3 g6 5. Nf3 Bg7 6. O-O
O-O 7. d4 cxd4 8. Nxd4 Nxd4 9. Qxd4 d6 10. e4 a6 11. Qd3 Rb8 12. Bg5 h6 13. Bf4
Ng4 14. Qd2 Kh7 15. Rac1 Ne5 16. b3 Bg4 17. f3 Be6 18. Nd5 b5 19. c5 Rc8 20.
cxd6 Qxd6 21. Rcd1 Rfd8 22. Be3 Bxd5 23. exd5 f5 24. Rf2 Rc3 25. Qe2 Nc6 26. f4
Nb4 27. Bd4 Rc2 28. Qe3 Rxf2 29. Kxf2 Nc2 30. Qc3 Bxd4+ 31. Rxd4 Nxd4 32. Qxd4
Rc8 33. Qd3 Rc1 34. Ke2 Qc5 35. Bf3 Qc2+ 36. Qd2 Qxd2+ 37. Kxd2 Ra1 0-1

[Event "K12"]
[Site "?"]
[Date "2024.07.23"]
[Round "4"]
[White "Schunke, Oliver"]
[Black "Wust, Klaus"]
[Result "0-1"]
[ECO "A00"]
[WhiteElo "1878"]
[BlackElo "1959"]
[Annotator ",martin-koller@seznam"]
[PlyCount "82"]
[TimeControl "240+2"]

{600MB, Fritz10.ctg} 1. Nc3 d5 2. e4 d4 3. Nce2 Nc6 4. Ng3 e5 5. Bc4 g6 6. Nf3
Bg7 7. d3 Qd6 8. Bd2 Be6 9. Bxe6 Qxe6 10. Ng5 Qd7 11. O-O h6 12. Nh3 O-O-O 13.
b4 h5 14. Qb1 Nh6 15. f3 h4 16. Ne2 f6 17. Qb3 g5 18. Nf2 g4 19. Bxh6 gxf3 20.
Bxg7 Qxg7 21. Nf4 exf4 22. Qe6+ Rd7 23. Qg4 fxg2 24. Rfb1 Qxg4 25. Nxg4 Rg7 26.
h3 Rxg4 27. hxg4 h3 28. Rf1 gxf1=Q+ 29. Rxf1 Nxb4 30. Rxf4 Rh6 31. Rf2 Nxa2 32.
Kh2 Nc3 33. Rf5 Nd1 34. Rh5 Rg6 35. Kxh3 Ne3 36. e5 fxe5 37. Rxe5 Nxg4 38. Rd5
Nf2+ 39. Kh2 Rd6 40. Rf5 Ng4+ 41. Kg3 Ne3 0-1

[Event "K12"]
[Site "?"]
[Date "2024.07.23"]
[Round "4"]
[White "Schoenmakers, Nico"]
[Black "Hager, Eberhard"]
[Result "1/2-1/2"]
[ECO "B07"]
[WhiteElo "1879"]
[BlackElo "1834"]
[Annotator ",martin-koller@seznam"]
[PlyCount "107"]
[TimeControl "240+2"]

{600MB, Fritz10.ctg} 1. e4 d6 2. d4 Nf6 3. Nc3 c6 4. Be3 Qa5 5. f3 e5 6. Bc4
Be7 7. Bb3 Nbd7 8. Qd2 O-O 9. Nge2 exd4 10. Nxd4 Nc5 11. O-O Nxb3 12. Nxb3 Qc7
13. Rad1 Nd7 14. Kh1 Ne5 15. Qe2 b5 16. Nd2 a5 17. a3 b4 18. Ncb1 Ba6 19. Qf2
Bxf1 20. Qxf1 d5 21. axb4 axb4 22. f4 Ng4 23. Bg1 dxe4 24. Nxe4 Nf6 25. Nbd2
Rfd8 26. Re1 Nxe4 27. Nxe4 c5 28. f5 f6 29. Nxc5 Bxc5 30. Qc4+ Qf7 31. Qxc5 Re8
32. Rxe8+ Rxe8 33. Qxb4 Qd7 34. c4 Qxf5 35. c5 Qd5 36. Qb6 Re2 37. Qb8+ Kf7 38.
Qc7+ Re7 39. Qa5 g5 40. b4 Re2 41. Qc7+ Kg6 42. Qg3 Rb2 43. h4 h6 44. Qh2 gxh4
45. Qh3 Rxb4 46. Qc8 Rb3 47. Qe8+ Kg7 48. Qe7+ Qf7 49. Qe4 h3 50. Qg4+ Kh7 51.
Qf5+ Kg8 52. Qc8+ Kh7 53. Qf5+ Qg6 54. Qd7+ 1/2-1/2

[Event "K11"]
[Site "?"]
[Date "2024.07.23"]
[Round "4"]
[White "Korenek, Frantisek"]
[Black "Lampe, Thomas"]
[Result "1-0"]
[ECO "B30"]
[WhiteElo "1886"]
[BlackElo "1926"]
[Annotator ",martin-koller@seznam"]
[PlyCount "31"]
[TimeControl "240+2"]

{600MB, Fritz10.ctg} 1. e4 c5 2. Nf3 Nc6 3. Bb5 e6 4. O-O d5 5. Nc3 dxe4 6.
Nxe4 Qc7 7. Re1 Be7 8. d4 cxd4 9. Bxc6+ bxc6 10. Qxd4 f6 11. Nc5 Bxc5 12. Qxc5
Ne7 13. Nd4 e5 14. Nb5 Qb6 15. Qxb6 axb6 16. Nc7+ 1-0

[Event "K11"]
[Site "?"]
[Date "2024.07.23"]
[Round "4"]
[White "Rull, Michael"]
[Black "Docekalova, Alexandra"]
[Result "0-1"]
[ECO "D00"]
[WhiteElo "1842"]
[BlackElo "1979"]
[Annotator ",martin-koller@seznam"]
[PlyCount "55"]
[TimeControl "240+2"]

{600MB, Fritz10.ctg} 1. d4 Nf6 2. Nc3 d5 3. Bf4 a6 4. Nf3 e6 5. e3 Nbd7 6. Ne5
Be7 7. Qf3 c5 8. g4 Nxe5 9. Bxe5 Bd6 10. Bg3 b5 11. g5 Ng8 12. dxc5 Bxc5 13.
O-O-O Bb7 14. Rg1 Ne7 15. Be5 Kf8 16. Ne4 Qb6 17. Bxg7+ Kxg7 18. Nf6 Nf5 19.
Qh5 Rad8 20. Bd3 Kf8 21. g6 fxg6 22. Rxg6 hxg6 23. Qxh8+ Kf7 24. Qh7+ Kxf6 25.
Rg1 Ke5 26. Rxg6 Rf8 27. Bxf5 Rxf5 28. Qh4 0-1